 Dungeon Crawl Stone Soup version 0.21.1-1-g345015f (webtiles) character file.

14499 timruff the Cleaver (level 11, -2/99 (100) HPs)
             Began as a Minotaur Berserker on July 29, 2018.
             Was an Elder of Trog.
             Succumbed to a spiny frog's poison
             ... on level 2 of the Lair of Beasts.
             The game lasted 00:40:05 (13483 turns).

timruff the Cleaver (Minotaur Berserker)           Turns: 13483, Time: 00:40:05

HP:   -2/99 (100)   AC: 21    Str: 24    XL:     11   Next: 89%
MP:   1/10          EV:  9    Int:  4    God:    Trog [****..]
Gold: 666           SH: 10    Dex: 11    Spells: 10/10 levels left

rFire    . . .     SeeInvis +   w - +0 war axe
rCold    . . .     Gourm    .   E - +0 shield
rNeg     . . .     Faith    .   F - +4 chain mail
rPois    .         Spirit   +   (helmet restricted)
rElec    .         Reflect  .   (no cloak)
rCorr    .         Harm     .   Q - +0 pair of gloves
MR       .....                  o - +2 pair of boots
Stlth    ..........             j - amulet of guardian spirit
HPRegen  0.26/turn              C - ring of see invisible
MPRegen  0.12/turn              (no ring)

@: lethally poisoned (-2 -> -20), berserk cooldown, slowed, very slow
A: retaliatory headbutt, horns 2
a: Berserk, Trog's Hand, Brothers in Arms, Burn Spellbooks, Renounce Religion


You were on level 2 of the Lair of Beasts.
You worshipped Trog.
Trog was greatly pleased with you.
You were hungry.

You visited 2 branches of the dungeon, and saw 12 of its levels.

You collected 666 gold pieces.

Inventory:

Hand Weapons
 a - a +0 hand axe
 w - a +0 war axe (weapon)
 G - a +0 shortbow
Missiles
 e - 290 arrows
Armour
 b - a +0 animal skin
 o - a +2 pair of boots (worn)
 r - a +1 chain mail
 x - a +0 buckler
 E - a +0 shield (worn)
 F - a +4 chain mail (worn)
 Q - a +0 pair of gloves (worn)
Jewellery
 j - an amulet of guardian spirit (around neck)
 l - an uncursed amulet of magic regeneration
 C - a ring of see invisible (left hand)
 O - an uncursed amulet of regeneration {unknown}
Wands
 u - a wand of iceblast (16)
 D - a wand of paralysis (29)
 J - a wand of flame (21)
 L - a wand of disintegration (15)
Scrolls
 d - 10 scrolls of remove curse
 g - 7 scrolls of teleportation
 k - a scroll of fog
 q - 11 scrolls of identify
 s - a scroll of random uselessness
 v - 5 scrolls of fear
 y - a scroll of vulnerability {unknown}
 K - 2 scrolls of immolation {unknown}
 N - a scroll of noise {unknown}
Potions
 f - 2 potions of mutation {unknown}
 h - 4 potions of flight
 i - a potion of cancellation
 m - 4 potions of curing
 n - 2 potions of lignification {unknown}
 p - 2 potions of heal wounds {unknown}
 t - a potion of degeneration {unknown}
 z - a potion of brilliance
 A - a potion of magic
 B - 4 potions of ambrosia
 H - a potion of agility
 I - a potion of might {unknown}
 M - a potion of invisibility {unknown}
Comestibles
 c - 22 rations


   Skills:
 + Level 10.2 Fighting
 + Level 14.5 Axes
 + Level 4.7 Bows
 + Level 11.1 Armour
 + Level 5.1 Dodging
 + Level 2.8 Stealth
 + Level 6.0 Shields


You had 10 spell levels left.
You didn't know any spells.

Dungeon Overview and Level Annotations

Branches:
Dungeon (10/15)            Temple (0/1) D:4            Lair (2/6) D:10
  Snake (0/4) Lair:2
  Swamp: Lair:2-4    Shoals: Lair:2-4       Orc: D:9-12

Altars:
Gozag
Nemelex Xobeh
Okawaru
Qazlal
Ru
Vehumet
Wu Jian
Yredelemnul

Shops:
D:4 *   D:7 }

Annotations:
D:8 exclusion: statue


Innate Abilities, Weirdness & Mutations

You reflexively headbutt those who attack you in melee.
You have a pair of horns on your head.


Message History

A yak comes into view.
The yak bellows!
A rime drake comes into view.
The rime drake hisses angrily.
You hear a bellow!
You feel a strong urge to attack something.
* * * LOW HITPOINT WARNING * * *
You feel sick.
* * * LOW HITPOINT WARNING * * *
You feel sick.
You are too berserk!
Unknown command.
You are too berserk!
Unknown command.
Unknown command.
You feel your anger nearly subside.
You are no longer berserk.
You are exhausted.
You feel yourself slow down.
* * * LOW HITPOINT WARNING * * *
You feel sick.
You die...

# #...# ##... ##.F
... . #.. .#### ..
#.. ..... .Y. .....
.... ## ..... .....
##.# .....
...k.P###.#####.P##
.....
+.....@.......
.....
......###..#..P....
..... ##.##
########.## ####.
#. ##. ##. ##.#
##.###.. ####...
#....... .......
##.......
.......##........
.........#.......


There were no monsters in sight!

Vanquished Creatures
  Snorg (D:10)
  2 two-headed ogres
  A hydra (Lair:1)
  An ugly thing (D:9)
  3 spiny frogs
  2 komodo dragons (Lair:1)
  5 blink frogs (Lair:2)
  3 hippogriffs
  13 yaks
  A basilisk (Lair:2)
  Grum (D:8)
  2 wargs (D:10)
  A naga (Lair:2)
  2 water moccasins
  Duvessa (D:7)
  5 porcupines
  4 ice beasts
  5 sky beasts
  An orc warrior (D:10)
  A black bear (D:8)
  An eye of draining (D:10)
  2 necrophages
  An ogre (D:5)
  2 wolves (D:8)
  3 centaurs
  3 phantoms
  5 crocodiles
  A big kobold (D:8)
  6 bullfrogs
  3 scorpions
  Dowan (D:7)
  4 wights (D:9)
  5 howler monkeys
  3 electric eels (D:8)
  3 crimson imps
  A centaur zombie (D:7)
  2 jellies
  2 hounds
  A gnoll shaman (D:5)
  10 orc wizards
  A quasit (D:8)
  3 orc priests
  A bullfrog skeleton (D:9)
  A centaur skeleton (D:7)
  An iguana (D:4)
  9 worker ants
  A killer bee zombie (D:5)
  19 gnolls
  14 adders
  3 shadow imps (D:6)
  An ooze (D:2)
  3 adder skeletons
  4 worms
  2 dart slugs
  5 leopard geckos
  36 orcs
  7 giant cockroaches
  2 gnoll zombies (D:4)
  7 goblins
  5 hobgoblins
  2 jackals (D:5)
  3 quokkas
  9 bats
  6 frilled lizards
  A jackal skeleton (D:4)
  A jackal zombie (D:7)
  8 kobolds
  A leopard gecko zombie (D:8)
  A quokka skeleton (D:7)
  5 rats
  A bush (D:2)
  A fungus (Lair:2)
278 creatures vanquished.

Vanquished Creatures (collateral kills)
  A rime drake (Lair:2)
  A hornet (D:8)
2 creatures vanquished.

Vanquished Creatures (others)
  A fungus (Lair:2)
  A plant (Lair:2)
2 creatures vanquished.

Grand Total: 282 creatures vanquished

Notes
Turn   | Place    | Note
-------+----------+-------------------------------------------
     0 | D:1      | timruff the Minotaur Berserker began the quest for the Orb.
     0 | D:1      | Reached XP level 1. HP: 19/19 MP: 0/0
   626 | D:1      | Reached XP level 2. HP: 19/27 MP: 1/1
   809 | D:1      | Reached skill level 4 in Axes
  1221 | D:2      | Noticed an ice beast
  1240 | D:2      | Killed an ice beast
  1240 | D:2      | Reached skill level 1 in Stealth
  1240 | D:2      | Reached XP level 3. HP: 5/35 MP: 2/2
  1240 | D:2      | Reached XP level 4. HP: 6/41 MP: 3/3
  1587 | D:2      | Reached XP level 5. HP: 16/47 MP: 4/4
  1997 | D:2      | Reached skill level 5 in Axes
  2533 | D:2      | Found an ornate altar of the Wu Jian Council.
  2672 | D:2      | Reached skill level 5 in Fighting
  2871 | D:3      | Reached ** piety under Trog
  3220 | D:3      | Found a sparkling altar of Nemelex Xobeh.
  3225 | D:3      | Found an iron altar of Okawaru.
  3230 | D:3      | Found a sacrificial altar of Ru.
  3314 | D:3      | Reached XP level 6. HP: 52/56 MP: 5/5
  3687 | D:4      | Found Tisir's General Store.
  3743 | D:4      | Found a staircase to the Ecumenical Temple.
  3996 | D:4      | Reached skill level 6 in Axes
  4236 | D:4      | Reached XP level 7. HP: 59/62 MP: 6/6
  4281 | D:4      | Reached *** piety under Trog
  4406 | D:4      | Found a basalt altar of Yredelemnul.
  4670 | D:5      | Entered Level 5 of the Dungeon
  4774 | D:5      | Reached skill level 7 in Axes
  4872 | D:5      | Found a stormy altar of Qazlal.
  4891 | D:5      | Reached skill level 5 in Armour
  5078 | D:5      | Reached skill level 8 in Axes
  5219 | D:5      | Reached XP level 8. HP: 62/71 MP: 7/7
  5246 | D:5      | Found an opulent altar of Gozag.
  5707 | D:6      | Reached **** piety under Trog
  5846 | D:6      | Reached skill level 9 in Axes
  6315 | D:7      | Noticed a hippogriff
  6334 | D:7      | Killed a hippogriff
  6554 | D:7      | Reached skill level 10 in Axes
  6730 | D:7      | Found Deynn's Gadget Shop.
  6883 | D:7      | Noticed Dowan
  6884 | D:7      | Noticed Duvessa
  6892 | D:7      | Killed Dowan
  6904 | D:7      | Killed Duvessa
  6904 | D:7      | Reached XP level 9. HP: 66/79 MP: 4/8
  9132 | D:8      | Noticed Grum
  9143 | D:8      | Reached skill level 1 in Bows
  9151 | D:8      | Killed Grum
  9446 | D:8      | Received a gift from Trog
  9781 | D:8      | Found a radiant altar of Vehumet.
 10073 | D:9      | Received a gift from Trog
 10074 | D:9      | Reached skill level 11 in Axes
 10082 | D:9      | Noticed a cyan ugly thing
 10096 | D:9      | Killed a cyan ugly thing
 10096 | D:9      | Reached skill level 1 in Shields
 10096 | D:9      | Reached XP level 10. HP: 68/88 MP: 3/9
 10458 | D:9      | Noticed a two-headed ogre
 10466 | D:9      | Killed a two-headed ogre
 10466 | D:9      | Reached skill level 12 in Axes
 10766 | D:10     | Entered Level 10 of the Dungeon
 10835 | D:10     | Noticed a two-headed ogre
 10849 | D:10     | Killed a two-headed ogre
 10957 | D:10     | Found a staircase to the Lair.
 11007 | D:10     | Reached skill level 13 in Axes
 11050 | D:10     | Noticed Snorg
 11062 | D:10     | Killed Snorg
 11184 | D:10     | Reached XP level 11. HP: 96/96 MP: 5/10
 11489 | Lair:1   | Entered Level 1 of the Lair of Beasts
 11538 | Lair:1   | Noticed an eight-headed hydra
 11550 | Lair:1   | Killed a 15-headed hydra
 11727 | Lair:1   | Reached skill level 10 in Armour
 11735 | Lair:1   | Reached skill level 5 in Shields
 12676 | Lair:2   | Reached skill level 14 in Axes
 12952 | Lair:2   | Reached skill level 10 in Fighting
 13274 | Lair:2   | Reached skill level 5 in Dodging
 13436 | Lair:2   | Found a staircase to the Snake Pit.
 13478 | Lair:2   | HP: 7/148 [spiny frog (7)]
 13481 | Lair:2   | HP: 3/148 [poisoned by a spiny frog]
 13482 | Lair:2   | HP: 1/99 [poisoned by a spiny frog]
 13483 | Lair:2   | Succumbed to a spiny frog's poison

Skill      XL: |  1  2  3  4  5  6  7  8  9 10 11 |
---------------+----------------------------------+-----
Axes           | 4 5 6 8 10 11 13 14 | 14.5
Fighting       | 4 5 6 7 8 9 10 | 10.2
Stealth        | 1 2 |  2.8
Armour         | 3 4 5 7 8 9 11 | 11.1
Dodging        | 3 4 5 |  5.1
Bows           | 4 |  4.7
Shields        | 1 4 6 |  6.0

Action                   |  1- 3 |  4- 6 |  7- 9 | 10-12 || total
-------------------------+-------+-------+-------+-------++-------
Melee: Hand axe          |    40 |   229 |       |       ||   269
       Headbutt          |     4 |    63 |    69 |    79 ||   215
       War axe           |       |    36 |   333 |   348 ||   717
 Fire: Shortbow          |       |       |    72 |       ||    72
Invok: Berserk           |     1 |       |     2 |     5 ||     8
       Burn Spellbooks   |       |       |     1 |       ||     1
       Brothers in Arms  |       |       |     1 |     1 ||     2
       Trog's Hand       |       |       |       |     3 ||     3
  Use: Scroll            |       |     4 |    12 |     2 ||    18
       Potion            |       |       |     6 |       ||     6
 Stab: Sleeping          |     2 |       |       |       ||     2
  Eat: Ration            |       |     1 |     2 |     2 ||     5
       Chunk             |       |     8 |    13 |    12 ||    33
Armor: Animal skin       |     8 |     6 |       |       ||    14
       Chain mail        |       |    65 |   204 |   166 ||   435
Dodge: Dodged            |    32 |    99 |   141 |    94 ||   366
Block: Buckler           |       |       |     2 |       ||     2
       Shield            |       |       |    18 |   137 ||   155
